 Dungeon Crawl Stone Soup version 0.29-a0-901-g46a8461d6a (webtiles) character file.

Game seed: 4359524201158156179

2049 wilfster70 the Magician (level 9, -11/112 HPs)
             Began as a Purple Draconian Ice Elementalist on July 22, 2022.
             Killed from afar by Maggie (17 damage)
             ... with a bolt of fire
             ... on level 6 of the Dungeon on July 23, 2022.
             The game lasted 00:24:46 (8072 turns).

wilfster70 the Magician (DrIE)                      Turns: 8072, Time: 00:24:46

Health: -11/112    AC:  8    Str: 10    XL:     9   Next: 4%
Magic:  11/18      EV: 11    Int: 26    God:
Gold:   106        SH:  6    Dex: 11    Spells: 7/20 levels left

rFire   . . .      SeeInvis .   s - +1 dagger
rCold   . . .      Faith    .   j - +2 buckler
rNeg    . . .      Spirit   .   (body armour unavailable)
rPois   .          Reflect  .   (helmet restricted)
rElec   .          Harm     .   f - +0 cloak of Insecurity {Int+5}
rCorr   .          Rampage  .   (no gloves)
Will    +....                   (no boots)
Stlth   ..........              (no amulet)
HPRegen 0.28/turn               (no ring)
MPRegen 0.16/turn               (no ring)

@: berserking, short of breath, freezing walls, very quick
A: breathe power, AC +7, unfitting armour, cold-blooded
a: Breathe Dispelling Energy


You were on level 6 of the Dungeon.
You visited 1 branch of the dungeon, and saw 6 of its levels.

You collected 238 gold pieces.
You spent 132 gold pieces at shops.

Inventory:

Hand Weapons
 s - a +1 dagger (weapon)
Missiles
 a - 7 poisoned darts
Armour
 f - the +0 cloak of Insecurity (worn) {Int+5}
   (You acquired it on level 2 of the Dungeon)

   Int:       It affects your intelligence (+5).
 j - a +2 buckler (worn)
Magical Staves
 h - a staff of poison
Wands
 l - a wand of quicksilver (10)
Scrolls
 g - 2 scrolls of magic mapping
 i - 2 scrolls of enchant armour
 k - 2 scrolls of amnesia
 m - a scroll of enchant weapon
 o - a scroll of brand weapon
 p - 3 scrolls of teleportation
Potions
 b - 3 potions of mutation
 c - a potion of curing
 d - 2 potions of magic
 n - a potion of ambrosia
 q - a potion of haste {unknown}


   Skills:
 - Level 6.0 Fighting
 - Level 1.7 Dodging
 - Level 1.7 Stealth
 - Level 4.0 Shields
 + Level 6.1 Spellcasting
 + Level 6.1 Conjurations
 - Level 6.0 Ice Magic
 * Level 1.5 Air Magic


You had 7 spell levels left.
You knew the following spells:

 Your Spells              Type           Power      Damage    Failure   Level
a - Freeze                Ice            100%       1d11      1%          1
b - Frozen Ramparts       Ice            78%        1d9       2%          3
c - Ozocubu's Armour      Ice            39%        N/A       2%          3
d - Hailstorm             Conj/Ice       39%        3d9       7%          4
e - Static Discharge      Conj/Air       28%        3-7/arc   2%          2

Your spell library contained the following spells:

 Spells                   Type           Power      Damage    Failure   Level
 Lightning Bolt           Conj/Air       14%        1d27      45%         5
 Maxwell's Capacitive Co  Air            8%         ∞         100%        8


Dungeon Overview and Level Annotations

Branches:
Dungeon (6/15)
 Temple: D:4-7

Altars:
Gozag
Ru
Sif Muna
Xom

Shops:
D:4 :   D:6 ??

Annotations:
D:6 1 runed translucent door, Maggie; Peppero's ghost, amateur DjCj


Innate Abilities, Weirdness & Mutations

You can breathe bolts of dispelling energy.
Your rich purple scales are hard. (AC +7)
You cannot fit into any form of body armour.
You are cold-blooded and may be slowed by cold attacks.


Message History

You hit Maggie but do no damage.
Maggie is heavily wounded.
The wall freezes Maggie.
Maggie completely misses you.
You hit Maggie.
Maggie is severely wounded.
The frozen ramparts melt away.
Maggie says, "Fear not.
I will immortalize you in the tale of my first kill."
You block Maggie's attack.
Casting: Frozen Ramparts (mildly dangerous; 2% risk of failure)
Confirm with . or Enter, or press ? or * to list all spells.
Casting: Frozen Ramparts (mildly dangerous; 2% risk of failure)
Press: ? - help, Dir - look around, f - activate The walls around you are covered in ice.
The wall freezes Maggie.
Maggie hits you with a +1 long sword of pain!
You are too injured to fight recklessly!
You are too injured to fight recklessly!
Okay, then.
Unknown command.
Casting: Frozen Ramparts (mildly dangerous; 2% risk of failure)
Confirm with . or Enter, or press ? or * to list all spells.
A film of ice covers your body!
The wall freezes Maggie.
Maggie points at you and mumbles some strange words.
The bolt of fire hits you!!
* * * LOW HITPOINT WARNING * * *
The heat melts your icy armour.
You feel better.
The wall freezes Maggie.
Maggie casts a spell at you. The bolt of fire hits you!
* * * LOW HITPOINT WARNING * * *
The heat melts your icy armour.
Okay, then.
Okay, then.
Unknown command.
A red film seems to cover your vision as you go berserk!
You feel yourself moving faster!
You feel mighty!
The wall freezes Maggie!
Maggie casts a spell at you. The bolt of fire hits you!
Your icy armour melts away.
You die...

...# #.#...#..#. .
....## #.#...###.. ..
.....# #)#...#....
...###...###...###...##
.....#.....#.#.....#..
#...###...#.#...###..
#...#..#.#..#...#.
#...###...###...#.
#@..#.......#...#.
......@###...###...###..
.....)#.....#...#.....#.
......#...###...###...#.
..... #..# ..#.#...#..#.
####. .###.. #.#...###..
. #...#.#...#.... .. .
#...###..... #.#........


You could see Maggie.

Vanquished Creatures
  Edmund (D:5)
  A water moccasin (D:5)
  An ice beast (D:6)
  An orc warrior (D:5)
  A black bear (D:5)
  2 ogres
  2 phantoms
  A gnoll sergeant (D:4)
  4 scorpions
  3 hounds
  5 orc priests
  Crazy Yiuf (D:3)
  2 gnoll boudas (D:5)
  Jessica (D:3)
  2 iguanas (D:5)
  Terence (D:3)
  2 orc wizards
  Robin (D:3)
  30 gnolls
  4 adders
  An ufetubus (D:4)
  A dart slug (D:3)
  12 orcs
  5 ball pythons
  6 bats
  A bat skeleton (D:2)
  A bat zombie (D:2)
  6 endoplasms
  7 giant cockroaches
  14 goblins
  10 hobgoblins
  2 jackals (D:2)
  5 quokkas
  2 ball python skeletons (D:2)
  A ball python zombie (D:2)
  8 kobolds
  8 rats
156 creatures vanquished.

Vanquished Creatures (others)
  A gnoll (D:6)
1 creature vanquished.

Grand Total: 157 creatures vanquished

Notes
Turn   | Place    | Note
-------+----------+-------------------------------------------
     0 | D:1      | wilfster70 the Draconian Ice Elementalist began the quest
                  | for the Orb.
     0 | D:1      | Reached XP level 1. HP: 14/14 MP: 3/3
   420 | D:1      | Reached XP level 2. HP: 20/20 MP: 3/5
  1037 | D:1      | Reached XP level 3. HP: 22/26 MP: 3/6
  1195 | D:1      | Learned a level 3 spell: Frozen Ramparts
  1652 | D:2      | Reached skill level 5 in Ice Magic
  1735 | D:1      | Learned a level 3 spell: Ozocubu's Armour
  2008 | D:2      | Identified a scroll of acquirement
  2008 | D:2      | Acquired the +0 cloak of Insecurity {Int+5}
  2128 | D:2      | Found a faded altar of an unknown god.
  2191 | D:3      | Noticed Terence
  2272 | D:3      | Killed Terence
  2273 | D:3      | Reached XP level 4. HP: 33/33 MP: 4/8
  2439 | D:3      | Noticed Jessica
  2486 | D:2      | Reached skill level 1 in Shields
  2705 | D:3      | Reached XP level 5. HP: 24/38 MP: 2/9
  2705 | D:3      | Killed Jessica
  3080 | D:3      | Noticed Robin
  3088 | D:3      | Killed Robin
  3758 | D:3      | Reached XP level 6. HP: 42/45 MP: 7/11
  4053 | D:3      | Found a runed translucent door.
  4054 | D:3      | Noticed Crazy Yiuf
  4061 | D:3      | Killed Crazy Yiuf
  4488 | D:4      | Found Sipyarur's Book Emporium.
  4616 | D:4      | Your scales start taking on a rich purple colour.
  4616 | D:4      | Reached skill level 5 in Spellcasting
  4616 | D:4      | Reached XP level 7. HP: 47/50 MP: 11/15
  4744 | D:4      | Found a shimmering blue altar of Sif Muna.
  5214 | D:5      | Entered Level 5 of the Dungeon
  5248 | D:5      | Learned a level 4 spell: Hailstorm
  5253 | D:5      | Noticed Edmund
  5272 | D:5      | Killed Edmund
  5712 | D:5      | Upgraded the game from 0.29-a0-892-g2c4c91d9db to
                  | 0.29-a0-901-g46a8461d6a
  6068 | D:5      | Reached XP level 8. HP: 48/57 MP: 13/17
  6214 | D:5      | Reached skill level 5 in Conjurations
  6978 | D:6      | Found a runed translucent door.
  6979 | D:6      | Found a shimmering altar of Xom.
  6979 | D:6      | Noticed Peppero's ghost (amateur DjCj)
  6981 | D:6      | Noticed a +0 mace of chaos
  7166 | D:6      | Found Loasm's Magic Scroll Boutique.
  7177 | D:6      | Bought a scroll of identify for 22 gold pieces
  7177 | D:6      | Bought a scroll of identify for 22 gold pieces
  7177 | D:6      | Bought a scroll of identify for 22 gold pieces
  7554 | D:5      | Reached skill level 5 in Fighting
  7720 | D:6      | Found Ereumex's Magic Scroll Shoppe.
  7723 | D:6      | Bought a scroll of identify for 22 gold pieces
  7723 | D:6      | Bought 2 scrolls of identify for 44 gold pieces
  7820 | D:6      | Learned a level 2 spell: Static Discharge
  7828 | D:6      | Found an opulent altar of Gozag.
  7833 | D:6      | Found a sacrificial altar of Ru.
  7915 | D:6      | Reached skill level 1 in Air Magic
  7915 | D:6      | Reached XP level 9. HP: 53/75 MP: 18/18
  8058 | D:6      | Noticed Maggie
  8071 | D:6      | HP: 3/75 [Maggie/bolt of fire (15)]
  8072 | D:6      | Killed from afar by Maggie

Illustrated notes

Levels and vault maps discovered:
D:1:      mushboom_english_gardens, layout_basic
D:2:      layout_rooms, serial_undead, serial_undead_d, serial_undead_a,
          serial_undead_b, serial_undead_d, serial_undead_b, serial_undead_d,
          dreamdust_ecumenical_altar_hidden_monk_grotto
D:3:      layout_loops_cross, roderic_roman_lattice, st_stairs_11,
          chequers_serial_rivers_large_a, uniq_jessica, uniq_terence,
          uniq_robin, uniq_crazy_yiuf_cottage
D:4:      layout_rooms, mainiacjoe_overflow_six_doors_small, serial_shops,
          nicolae_shop_statue_plus
D:5:      layout_basic, uniq_edmund
D:6:      layout_gridville, nicolae_uskayaw_suspiria,
          nicolae_overflow_hidden_temple, serial_shops,
          nicolae_shop_statue_plus, shop, nicolae_shop_behind_doors,
          ebering_ghost_xom, nicolae_titane, uniq_maggie

Skill      XL: |  1  2  3  4  5  6  7  8 |
---------------+-------------------------+-----
Ice Magic      | 5 6 |  6.0
Shields        | 1 2 3 4 |  4.0
Spellcasting   | 3 5 6 |  6.1
Conjurations   | 4 6 |  6.1
Fighting       | 6 |  6.0
Air Magic      | 1 |  1.5
Dodging        | |  1.7
Stealth        | |  1.7

Action                   |  1- 3 |  4- 6 |  7- 9 || total
-------------------------+-------+-------+-------++-------
Melee: Dagger            |    63 |    72 |   181 ||   316
       Tailslap          |     2 |    10 |    26 ||    38
 Cast: Freeze            |    43 |     5 |       ||    48
       Frozen Ramparts   |     5 |    17 |    31 ||    53
       Ozocubu's Armour  |     1 |     2 |     5 ||     8
 Abil: Breathe Dispellin |       |       |    13 ||    13
  Use: Scroll            |    10 |     3 |     6 ||    19
       Potion            |       |     3 |     2 ||     5
 Stab: Sleeping          |       |       |     2 ||     2
Armor: Skin              |    58 |    34 |    62 ||   154
Dodge: Dodged            |   125 |    66 |   111 ||   302
Block: Buckler           |    11 |    45 |    55 ||   111

Table legend: (Time is in decaauts)
 A = Elapsed time spent in this place.
 B = Non-inter-level travel time spent in this place.
 C = Inter-level travel time spent in this place.
 D = Time resting spent in this place.
 E = Time spent auto-exploring this place.
 F = Levels seen in this place.
 G = Mean time per level.
                   A        B        C        D        E       F      G
               +--------+--------+--------+--------+--------+-----+--------+
         Total |   8119 |   7751 |    368 |   2857 |   2778 |   6 | 1353.2 |
       Dungeon |   8119 |   7751 |    368 |   2857 |   2778 |   6 | 1353.2 |
               +--------+--------+--------+--------+--------+-----+--------+

Top non-repeatable levels by time:
     D:5: 1859 daAuts
     D:3: 1640 daAuts
     D:1: 1636 daAuts
     D:2: 1455 daAuts
     D:4: 781 daAuts
     D:6: 746 daAuts
